Map: Arid Plateau

Players

tylerlavally

  • Race: Terran Terran
  • Spawn Location: 5:00

DikPound - Winner!

  • Race: Terran Terran
  • League: Gold
  • Spawn Location: 11:00

VOD

Have the link to the VOD?

Description

Time

  • Played on: March 9, 2022, 1:22 a.m.
  • Length: 34:27
Show
View Real Time Build Order
Export as new Build Order

tylerlavally Terran 

Build Orders:  

Get SALT Encoding   

  12  0:01  SCV  
  13  0:22  Supply Depot  
  13  0:23  SCV  
  14  0:36  SCV  
  15  0:46  Barracks  
  15  0:48  SCV  
  16  0:51  Supply Depot  
  16  1:00  SCV  
  17  1:12  SCV  
  18  1:19  Refinery  
  18  1:24  SCV  
  19  1:31  Barracks  
  19  1:37  Marine  
  20  1:52  SCV  
  21  1:55  Marine  
  22  2:01  Refinery  
  22  2:12  Orbital Command  
  22  2:13  Marine  
  23  2:20  Barracks Reactor  
  23  2:39  Reaper  
  24  2:44  SCV  
  25  2:56  SCV  
  26  3:03  Command Center  
  26  3:22  Factory  
  25  3:38  Marine x3  
  27  3:55  Marine  
  27  3:56  Marine x2  
  30  4:12  Factory Tech Lab  
  30  4:13  Marine  
  31  4:19  Supply Depot  
  31  4:22  Marine  
  31  4:27  Marine  
  27  4:31  Marine  
  27  4:39  Marine  
  27  4:42  Supply Depot  
  27  4:45  Marine  
  29  4:49  Siege Tank  
  32  4:55  Marine  
  32  4:57  Marine  
  34  5:03  Marine  
  35  5:16  Command Center  
  35  5:21  Siege Tank  
  29  6:12  Widow Mine  
  31  6:19  SCV  
  32  6:31  SCV  
  33  6:33  Widow Mine  
  35  6:43  SCV  
  36  6:53  Marine x3  
  39  6:55  SCV, Widow Mine  
  42  7:07  SCV  
  43  7:11  Marine x3  
  46  7:16  Widow Mine  
  46  7:19  SCV  
  49  7:32  SCV  
  50  7:37  Widow Mine  
  50  7:43  Marine  
  50  7:44  Marine, SCV  
  54  7:48  Barracks Reactor  
  54  7:56  SCV  
  52  8:01  Marine x2  
  51  8:08  SCV  
  51  8:19  Marine x2  
  53  8:20  SCV, Engineering Bay  
  54  8:37  Marine x2  
  54  8:39  SCV  
  57  8:45  Siege Tank  
  60  8:51  SCV, Supply Depot  
  60  8:53  SCV  
  62  9:06  Supply Depot  
  62  9:12  Marine x2, SCV  
  62  9:16  Missile Turret  
  65  9:18  Siege Tank  
  68  9:24  SCV  
  68  9:30  Marine x2  
  71  9:36  SCV  
  71  9:37  Missile Turret  
  72  9:49  SCV  
  72  9:50  SCV  
  74  10:01  SCV  
  74  10:02  SCV  
  76  10:13  SCV  
  77  10:14  SCV  
  77  10:16  Refinery  
  78  10:24  Missile Turret  
  78  10:28  Missile Turret  
  78  10:32  Missile Turret  
  78  10:39  Supply Depot  
  78  10:42  SCV  
  78  10:45  SCV  
  76  10:54  SCV  
  75  10:58  SCV  
  75  11:03  Supply Depot  
  76  11:06  SCV  
  77  11:19  SCV, Refinery  
  77  11:20  SCV  
  79  11:29  Missile Turret  
  79  11:31  SCV  
  79  11:32  SCV  
  81  11:43  SCV  
  81  11:44  SCV  
  83  11:52  Missile Turret  
  83  11:55  SCV  
  83  11:56  SCV  
  84  12:03  Marine x2  
  86  12:09  SCV  
  86  12:11  Starport  
  87  12:21  Marine x2  
  87  12:22  Widow Mine  
  91  12:39  Marine x2  
  91  12:43  Widow Mine  
  95  12:46  Ghost Academy  
  95  12:57  Marine x2  
  97  13:04  Widow Mine  
  99  13:26  Widow Mine  
  101  13:49  Barracks  
  101  14:31  Command Center  
  101  14:42  Barracks Tech Lab  
  101  14:44  Terran Infantry Weapons Level 1  
  99  14:55  Marine x4  
  87  15:12  Marine x2  
  87  15:13  Marine x2  
  91  15:16  Ghost  
  93  15:30  Marine x2  
  95  15:44  Ghost  
  97  15:50  Refinery  
  97  16:06  Nuke  
  97  16:12  Starport Tech Lab  
  97  16:16  Starport  
  97  16:24  Refinery  
  97  16:28  Marine x4  
  101  16:38  Terran Infantry Armor Level 1  
  101  16:45  Marine  
  101  16:46  Marine x3  
  104  16:49  Personal Cloaking  
  96  17:03  Marine x2  
  96  17:04  Marine x2  
  100  17:21  Marine  
  93  17:59  Marine  
  93  18:00  Marine x3, Ghost Academy  
  93  18:03  Cyclone  
  100  18:06  Starport Tech Lab  
  100  18:16  Missile Turret  
  100  18:17  Marine x2  
  100  18:18  Marine x2  
  104  18:24  Missile Turret  
  104  18:35  Marine x3, Cyclone  
  110  19:07  Supply Depot  
  110  19:24  Nuke  
  110  19:26  Nuke  
  110  19:28  Marine x4, SCV, Cyclone  
  110  19:29  Supply Depot  
  118  19:42  SCV  
  102  19:46  Marine x4  
  64  19:53  Supply Depot  
  64  19:56  SCV  
  65  20:00  Cyclone  
  65  20:04  Marine x2  
  70  20:15  Command Center  
  70  20:19  Ghost  
  72  20:32  Cyclone  
  75  20:46  Refinery  
  75  20:47  Ghost  
  77  20:52  Orbital Command  
  69  21:53  SCV  
  70  22:01  Marine x5  
  71  22:05  SCV  
  76  22:17  SCV  
  76  22:18  Marine  
  76  22:19  Marine x4  
  82  22:29  SCV  
  83  22:36  Marine  
  83  22:37  Ghost  
  84  22:41  SCV  
  85  22:55  Nuke  
  85  23:11  Siege Tank  
  88  23:15  Banshee  
  91  23:29  Orbital Command  
  91  23:43  Siege Tank  
  91  23:48  Command Center  
  94  23:53  SCV  
  95  23:58  Refinery, Banshee  
  98  24:05  SCV  
  99  24:18  SCV  
  100  24:30  SCV  
  101  24:41  Banshee  
  101  24:42  SCV  
  105  24:54  SCV  
  104  25:24  Banshee  
  102  25:40  Marine x2  
  102  25:41  Marine x3  
  104  25:58  Marine x2  
  106  26:06  Banshee  
  109  26:15  Marine  
  109  26:16  Marine x4  
  114  26:19  Missile Turret  
  92  26:33  Marine x2  
  92  26:34  Marine  
  92  26:36  Marine x2  
  97  26:41  Missile Turret  
  97  26:47  Refinery, Barracks  
  97  26:51  Marine x3, Barracks  
  97  26:53  Marine  
  97  26:54  Marine  
  102  26:58  Barracks  
  102  27:05  Command Center  
  102  27:09  Marine x2  
  102  27:10  Marine  
  102  27:11  Marine x2  
  102  27:14  Banshee  
  110  27:19  Orbital Command  
  110  27:25  Starport  
  110  27:27  Marine x2  
  110  27:28  Marine  
  110  27:29  Marine x2  
  115  27:35  Nuke  
  115  27:37  Nuke  
  115  27:44  Marine  
  111  27:56  Banshee  
  60  28:36  Ghost  
  60  28:37  Marine  
  60  28:38  Marine x3  
  60  28:39  Banshee  
  69  28:55  Marine x3  
  69  28:56  Marine  
  69  28:57  SCV  
  69  29:01  Refinery  
  67  29:04  Ghost  
  67  29:09  SCV  
  60  29:21  SCV  
  60  29:22  Banshee  
  60  29:33  SCV  
  47  29:45  SCV  
  37  31:03  Marine x2  
  37  31:04  Marine x3  
  42  31:21  Marine x4  
  42  31:22  Marauder  
  42  31:23  Starport Tech Lab  
  42  31:24  Fusion Core  
  42  31:33  Nuke  
  42  31:37  Nuke  
  42  31:44  Marauder  
  44  32:04  SCV  
  44  32:05  Marauder  
  46  32:26  Ghost  
  42  32:55  Marine x2  
  42  32:56  Marine x3  
  47  33:08  SCV  
  48  33:13  Marine x3  
Show
View Real Time Build Order
Export as new Build Order

DikPound Terran - Winner!

Build Orders:  

Get SALT Encoding   

  12  1:00  Supply Depot  
  12  1:05  Refinery x2  
  12  1:07  SCV  
  13  1:19  SCV  
  14  1:31  Barracks  
  14  1:34  Barracks  
  14  1:37  Barracks  
  14  1:40  SCV  
  15  1:47  Supply Depot  
  15  1:52  SCV  
  16  2:05  SCV  
  17  2:17  SCV  
  17  2:21  Reaper  
  17  2:22  Reaper  
  20  2:24  Reaper  
  21  2:38  Factory  
  21  2:46  SCV  
  22  2:57  Marine x2  
  22  2:58  Marine  
  25  3:01  SCV  
  26  3:13  SCV  
  27  3:23  Marine x2  
  29  3:40  Reaper  
  29  3:41  Reaper  
  31  4:09  Supply Depot  
  31  4:10  Starport  
  31  4:16  Engineering Bay  
  31  4:29  Reaper  
  31  4:30  Reaper  
  31  4:31  Widow Mine  
  33  5:06  Starport Tech Lab  
  35  5:17  Factory Tech Lab  
  35  5:19  Barracks Tech Lab, Barracks Reactor  
  35  5:20  Barracks Tech Lab  
  33  5:21  SCV  
  34  5:30  Command Center  
  26  5:59  Marine x2, Marauder x2  
  32  6:04  Banshee  
  32  6:05  Cloaking Field  
  32  6:08  Cyclone  
  38  6:12  Orbital Command  
  38  6:19  Missile Turret  
  38  6:41  Supply Depot  
  38  6:42  Marauder x2  
  38  6:45  SCV  
  43  6:47  Bunker  
  43  7:08  Marine x2  
  43  7:09  Marauder x2  
  49  7:19  SCV  
  50  7:28  Marine  
  50  7:29  Marine  
  52  7:30  Planetary Fortress  
  52  7:34  SCV  
  53  7:46  SCV  
  54  7:58  SCV  
  55  8:10  SCV  
  56  8:13  Marine x2  
  56  8:14  Marauder x2  
  62  8:31  Supply Depot  
  62  8:50  Supply Depot  
  62  8:52  Marine, SCV x2, Missile Turret  
  62  8:53  Siege Tank  
  68  9:01  Missile Turret  
  68  9:05  SCV x2  
  69  9:21  SCV x2  
  69  9:22  Marine x2, Marauder x2  
  77  9:32  Supply Depot  
  77  9:33  SCV  
  78  9:40  Supply Depot  
  78  9:53  SCV x2  
  80  10:05  SCV  
  80  10:06  SCV  
  82  10:10  Supply Depot  
  82  10:11  Marine x2, Marauder x2  
  82  10:12  Siege Tank  
  91  10:15  Viking  
  91  10:17  SCV  
  94  10:23  Refinery  
  94  10:25  Refinery  
  94  10:31  SCV x2  
  94  10:34  Supply Depot  
  96  10:43  SCV  
  96  10:45  Viking  
  99  11:06  Marine x2, Marauder x2  
  99  11:07  Siege Tank  
  108  11:15  Viking  
  110  11:25  Supply Depot  
  110  11:36  Supply Depot  
  110  11:47  Marine x2, Marauder, Siege Tank  
  117  11:57  Viking, Marauder  
  118  12:27  Viking  
  120  12:30  Marine x2, Marauder  
  120  12:31  Marauder  
  126  12:41  Factory  
  126  12:43  Factory  
  126  13:22  Supply Depot  
  126  13:31  Supply Depot  
  126  13:41  Ghost Academy  
  126  13:44  Marine x2, SCV x2, Marauder x2  
  126  13:45  Ghost Academy  
  134  13:53  Viking, Siege Tank  
  139  14:20  Marine, Marauder  
  139  14:23  Supply Depot  
  142  14:28  Personal Cloaking  
  142  14:29  Supply Depot, Nuke  
  142  14:44  Marine x2  
  142  14:45  Marauder, Siege Tank  
  149  14:50  Viking  
  129  15:20  Viking  
  131  15:22  Marine x2  
  131  15:25  Ghost  
  137  15:28  Ghost  
  137  15:39  Cyclone  
  137  15:40  Marine x2  
  142  15:50  Viking  
  142  15:54  Ghost, Nuke  
  146  15:57  Ghost  
  148  16:11  Cyclone  
  151  16:20  Viking  
  153  16:43  Cyclone  
  156  16:50  Viking  
  152  17:20  Viking  
  152  17:53  Ghost  
  152  17:54  Ghost  
  152  17:55  Marine x2  
  158  18:04  Nuke  
  158  18:08  Supply Depot  
  158  18:09  Supply Depot  
  158  18:23  Viking  
  158  18:28  Command Center  
  158  18:29  Ghost, Siege Tank  
  158  18:31  Supply Depot  
  158  18:33  Supply Depot  
  159  18:38  Nuke  
  112  18:55  Supply Depot  
  114  19:01  Siege Tank  
  117  19:15  Medivac  
  117  19:19  Supply Depot  
  117  19:20  Missile Turret  
  117  19:33  Siege Tank  
  120  19:41  Missile Turret  
  99  20:02  Missile Turret  
  99  20:06  Siege Tank  
  102  20:11  Missile Turret  
  102  20:12  Refinery  
  102  20:13  Refinery  
  102  20:15  Ghost  
  102  20:16  Ghost  
  102  20:18  Marine x2  
  110  20:25  Missile Turret  
  110  20:29  Raven  
  110  20:38  Factory  
  110  20:40  Starport  
  110  20:44  Barracks  
  110  20:45  Missile Turret  
  110  20:46  Missile Turret  
  110  20:48  Missile Turret  
  110  20:50  Planetary Fortress  
  110  21:13  Missile Turret  
  110  21:38  Missile Turret  
  102  21:59  Factory Tech Lab, Missile Turret  
  102  22:02  Barracks Reactor  
  102  22:05  SCV x2, Starport Reactor  
  104  22:20  Missile Turret  
  104  22:25  Marine, Ghost, Marauder  
  104  22:26  Marine  
  104  22:27  Siege Tank  
  104  22:28  Viking  
  115  22:43  Marine  
  112  22:45  Missile Turret  
  112  22:46  Ghost  
  114  22:58  Viking  
  114  23:09  Missile Turret  
  114  23:12  Ghost  
  112  23:14  Hellion, Ghost  
  118  23:28  Viking  
  118  23:32  Missile Turret  
  120  23:34  Marine x3  
  120  23:36  Siege Tank  
  120  23:38  Medivac x2  
  120  23:41  Ghost  
  130  23:43  Ghost  
  134  23:52  Missile Turret  
  134  23:53  SCV x2  
  136  23:58  Viking, Missile Turret  
  138  24:08  Viking  
  138  24:09  Ghost  
  142  24:19  Missile Turret  
  140  24:38  Ghost  
  140  24:39  Ghost  
  140  24:41  Siege Tank  
  140  24:42  Viking  
  149  24:47  Factory Tech Lab  
  149  24:48  Factory Tech Lab  
  149  24:55  Missile Turret  
  149  25:07  Ghost  
  130  26:43  Nuke x2  
  130  26:58  Raven  
  132  27:12  Starport  
  132  27:14  Starport  
  132  27:41  Raven  
  107  29:52  Marine x4, Marauder x2  
  115  29:54  Siege Tank x2  
  115  29:55  Viking, Liberator x2  
  129  30:09  Marine  
  129  30:10  Marine x3  
  133  30:20  Command Center  
  133  30:38  Marine  
  133  30:41  Marine x3, Viking x2  
  133  30:47  Starport Reactor  
  133  31:31  Marine x5, Viking  
  133  31:32  Marauder, Siege Tank  
  145  31:47  Refinery  
  145  31:49  Marine x3  
  145  31:52  Refinery  
  148  31:58  Missile Turret  
  148  32:40  Marine  
  148  32:41  Marine, SCV x2  
  148  32:44  Marine x2  
  148  32:46  Marine, SCV  
  148  32:51  Marauder  
  148  33:09  Supply Depot  
  148  33:21  Supply Depot x2  
  148  33:30  Marine x4, SCV  
  148  33:31  Marauder  
  155  33:42  SCV  
  155  33:43  Marauder  
  155  33:48  Marine x3  
  158  33:52  Marauder  
  158  33:55  SCV  
  163  33:59  Marine  
  163  34:08  Supply Depot  
Tags
 
League
Gold
Matchup
TvT
Race
Terran
Spawn Locations
Cross Positions
Add a new tag
Caveats
  • Supply blocks, unpowered buildings, or Contaminate may cause inaccurate times.
  • Supply counts are checked every 10 seconds.